 Dungeon Crawl Stone Soup version 0.28.0 (webtiles) character file.

Game seed: 3330017036171063175

3777 pkoi the Frost Mage (level 9, -2/71 HPs)
             Began as a Yellow Draconian Ice Elementalist on Feb 4, 2022.
             Was a Follower of Sif Muna.
             Slain by a two-headed ogre (20 damage)
             ... on level 8 of the Dungeon.
             The game lasted 00:17:01 (9465 turns).

pkoi the Frost Mage (DrIE)                          Turns: 9465, Time: 00:17:02

Health: -2/71      AC: 19    Str: 15 (17) XL:     9   Next: 95%
Magic:  7/16       EV: 13    Int: 21      God:    Sif Muna [*.....]
Gold:   566        SH:  0    Dex: 13      Spells: 6/20 levels left

rFire   . . .      SeeInvis .   c - +7 trident "Ucrey" {holy, rElec Int+2 Dex+3}
rCold   . . .      Faith    .   (no shield)
rNeg    . . .      Spirit   .   (armour unavailable)
rPois   +          Reflect  .   (helmet restricted)
rElec   +          Harm     .   a - +0 cloak
rCorr   +          Rampage  .   (no gloves)
Will    .....      Clarity  +   w - +1 pair of boots
Stlth   ++........              (no amulet)
HPRegen 0.21/turn               C - ring of poison resistance
MPRegen 0.15/turn               j - +6 ring of strength

@: ice-armoured, freezing walls, unable to read
A: spit acid, AC +7, unfitting armour, cold-blooded, acid resistance, clarity,
clumsy 1, deterioration 1, low MP 1, electricity resistance, inability to read
while threatened
a: Breathe Acid, Renounce Religion, Channel Magic


You were on level 8 of the Dungeon.
You worshipped Sif Muna.
Sif Muna was aware of your devotion.
You visited 2 branches of the dungeon, and saw 9 of its levels.
You also visited: Ossuary.

You collected 566 gold pieces.

Inventory:

Hand Weapons
 b - a +0 long sword
 c - the +7 trident "Ucrey" (weapon) {holy, rElec Int+2 Dex+3}
   (You acquired it on level 5 of the Dungeon)

   It has been blessed by the Shining One to cause great damage to the undead
   and demons.
   Int:       It affects your intelligence (+2).
   Dex:       It affects your dexterity (+3).
   rElec:     It insulates you from electricity.
 l - a +2 dagger of holy wrath
 r - a +0 vampiric spear
 u - a +3 dagger of venom
Missiles
 q - 2 throwing nets
Armour
 a - a +0 cloak (worn)
 w - a +1 pair of boots (worn)
Jewellery
 j - a +6 ring of strength (right hand)
 C - a ring of poison resistance (left hand)
 E - a +4 ring of evasion
Wands
 k - a wand of flame (15)
 m - a wand of mindburst (6)
Scrolls
 d - 3 scrolls of identify
 f - 2 scrolls of enchant weapon
 g - 5 scrolls of teleportation
 o - 3 scrolls of enchant armour
 p - 2 scrolls of blinking
 s - 2 scrolls of silence {unknown}
 t - 3 scrolls of magic mapping
 v - 2 scrolls of noise {unknown}
 y - a scroll of fear {unknown}
 F - a scroll of amnesia
Potions
 e - a potion of berserk rage
 h - 2 potions of lignification
 i - 3 potions of might
 n - a potion of haste
 x - a potion of ambrosia
 z - 2 potions of heal wounds
 A - 2 potions of curing
 B - 2 potions of resistance {unknown}
 D - a potion of brilliance {unknown}


   Skills:
 - Level 4.1 Fighting
 + Level 5.0 Dodging
 - Level 1.7 Stealth
 + Level 6.1 Spellcasting
 + Level 4.2 Conjurations
 + Level 10.5 Ice Magic
 + Level 2.4 Air Magic


You had 6 spell levels left.
You knew the following spells:

 Your Spells              Type           Power      Damage    Failure   Level
a - Freeze                Ice            100%       1d11      1%          1
b - Frozen Ramparts       Ice            100%       1d12      1%          3
c - Ozocubu's Armour      Ice            50%        N/A       1%          3
d - Hailstorm             Conj/Ice       37%        3d9       4%          4
e - Swiftness             Air            16%        N/A       11%         3

Your spell library contained the following spells:

 Spells                   Type           Power      Damage    Failure   Level
 Shock                    Conj/Air       80%        1d8       2%          1
 Airstrike                Air            8%         N/A       34%         4
 Summon Forest            Summ/Tloc      3%         N/A       95%         5
 Summon Mana Viper        Hex/Summ       6%         N/A       95%         5
 Summon Cactus Giant      Summ           3%         N/A       100%        6


Dungeon Overview and Level Annotations

Branches:
Dungeon (8/15)             Temple (1/1) D:7         Ossuary (visited)
   Lair: D:8-11

Altars:
Ashenzari
Cheibriados
Dithmenos
Elyvilon
Fedhas
Gozag
Hepliaklqana
Kikubaaqudgha
Makhleb
Okawaru
Qazlal
Sif Muna
Trog
Uskayaw
Wu Jian
Xom
Yredelemnul
Zin
The Shining One


Innate Abilities, Weirdness & Mutations

You can spit globs of acid.
Your golden yellow scales are hard. (AC +7)
You cannot fit into any form of body armour.
You are cold-blooded and may be slowed by cold attacks.
You are resistant to acid. (rCorr)
You possess an exceptional clarity of mind.
You are clumsy. (Dex -2)
Your body sometimes deteriorates upon taking damage.
Your magical capacity is low. (-10% MP)
You are resistant to electric shocks. (rElec)
You sometimes lose the ability to read scrolls when taking damage.


Message History

A film of ice covers your body!
Casting: Ozocubu's Armour (safe; 1% risk of failure)
Confirm with . or Enter, or press ? or * to list all spells.
Casting: Hailstorm (dangerous; 4% risk of failure)
Press: ? - help, Dir - look around, f - activate A cannonade of hail descends around you!
The hail pelts the two-headed ogre!!
The two-headed ogre is heavily wounded.
The wall freezes the two-headed ogre!
Unknown command.
You barely miss the two-headed ogre.
The two-headed ogre is heavily wounded.
The wall freezes the two-headed ogre.
The two-headed ogre hits you with a +0 giant club.
The two-headed ogre barely misses you.
Unknown command.
You puncture the two-headed ogre!
The two-headed ogre is severely wounded.
The wall freezes the two-headed ogre.
The two-headed ogre hits you with a +0 giant club.
The two-headed ogre hits you with a +0 giant club!!
* * * LOW HITPOINT WARNING * * *
Your body deteriorates!
You feel weakened.
You closely miss the two-headed ogre.
You tail-slap the two-headed ogre, but do no damage.
The two-headed ogre is almost dead.
The wall freezes the two-headed ogre.
The two-headed ogre hits you with a +0 giant club.
* * * LOW HITPOINT WARNING * * *
The two-headed ogre hits you with a +0 giant club!!
You feel threatened and lose the ability to read scrolls!
* * * LOW HITPOINT WARNING * * *
Your body deteriorates!
You feel weakened.
You hit the two-headed ogre.
The two-headed ogre is almost dead.
The wall freezes the two-headed ogre.
The two-headed ogre hits you with a +0 giant club.
* * * LOW HITPOINT WARNING * * *
The two-headed ogre hits you with a +0 giant club!!
You die...

#### ### ... ..#
... ..# .. ..#
##.#.. #.... #.#O#
#..@# ###.## #..#
#..### . #....# #.
#....# .. #....#
#. #....## #######
#.
#.....###.....##..


You could see a two-headed ogre.

Vanquished Creatures
  Pikel (D:7)
  A hornet (D:5)
  A troll (D:7)
  A wraith (D:8)
  Menkaure (D:7)
  A water moccasin (D:5)
  An orc warrior (D:8)
  2 sky beasts
  3 ice beasts
  2 ogres
  A lemure (D:7)
  An elf zombie (Ossuary)
  A bullfrog (D:7)
  3 scorpions
  A wyvern skeleton (D:6)
  3 wights (D:7)
  A howler monkey (D:7)
  4 jellies
  3 centaur zombies
  3 centaur skeletons
  A human zombie (Ossuary)
  An orc priest (D:8)
  2 hounds
  A bullfrog skeleton (D:5)
  2 gnoll shamans (D:7)
  2 iguanas (D:4)
  A scorpion zombie (D:5)
  9 orc wizards
  A killer bee zombie (D:5)
  2 hound zombies (Ossuary)
  4 mummies (Ossuary)
  A howler monkey zombie (D:8)
  17 gnolls
  3 adders
  An adder skeleton (D:4)
  2 adder zombies (Ossuary)
  2 worms
  4 dart slugs
  29 orcs
  4 ball pythons
  11 bats
  5 endoplasms
  2 giant cockroaches
  13 goblins
  11 hobgoblins
  8 jackals
  12 kobolds
  2 quokkas
  2 frilled lizards
  A hobgoblin zombie (Ossuary)
  A jackal zombie (Ossuary)
  2 orc zombies (Ossuary)
  2 rats
  2 rat zombies (Ossuary)
198 creatures vanquished.

Notes
Turn   | Place    | Note
-------+----------+-------------------------------------------
     0 | D:1      | pkoi the Draconian Ice Elementalist began the quest for the
                  | Orb.
     0 | D:1      | Reached XP level 1. HP: 14/14 MP: 3/3
   138 | D:1      | Reached XP level 2. HP: 17/20 MP: 0/5
   747 | D:1      | Found a faded altar of an unknown god.
  1209 | D:2      | Reached skill level 5 in Ice Magic
  1229 | D:2      | Reached XP level 3. HP: 21/26 MP: 4/6
  1602 | D:3      | Learned a level 3 spell: Frozen Ramparts
  2014 | D:3      | Reached XP level 4. HP: 25/33 MP: 4/7
  2086 | D:3      | Learned a level 3 spell: Ozocubu's Armour
  2134 | D:3      | Reached skill level 6 in Ice Magic
  2708 | D:4      | Reached XP level 5. HP: 38/38 MP: 4/8
  2764 | D:4      | Noticed an ogre
  2775 | D:4      | Killed an ogre
  2776 | D:4      | Reached skill level 7 in Ice Magic
  2869 | D:4      | Reached XP level 6. HP: 45/45 MP: 9/9
  3250 | D:4      | Reached skill level 8 in Ice Magic
  3627 | D:5      | Entered Level 5 of the Dungeon
  3977 | D:5      | Noticed a water moccasin
  3981 | D:5      | Killed a water moccasin
  3982 | D:5      | Your scales start taking on a golden yellow colour.
  3982 | D:5      | Reached XP level 7. HP: 40/50 MP: 6/10
  3982 | D:5      | Gained mutation: You are resistant to acid. (rCorr) [Yellow
                  | Draconian growth]
  4460 | D:5      | Gained mutation: You have a pair of small horns on your
                  | head. [potion of mutation]
  4460 | D:5      | Gained mutation: Your body sometimes deteriorates upon
                  | taking damage. [potion of mutation]
  4460 | D:5      | Gained mutation: You have hidden genetic defects. [potion
                  | of mutation]
  4627 | D:5      | Identified a scroll of acquirement
  4627 | D:5      | Acquired the +7 trident "Ucrey" {holy, rElec Int+2 Dex+3}
  5177 | D:5      | Found a shimmering altar of Xom.
  5292 | D:5      | Noticed a hornet
  5299 | D:5      | Killed a hornet
  5300 | D:5      | Reached skill level 1 in Fighting
  5300 | D:5      | Reached skill level 9 in Ice Magic
  5306 | D:5      | Gained mutation: You sometimes lose the ability to read
                  | scrolls when taking damage. [hidden defects]
  5544 | D:6      | Found a snail-covered altar of Cheibriados.
  5554 | D:6      | Reached XP level 8. HP: 4/59 MP: 7/13
  5565 | D:6      | Gained mutation: You are dopey. (Int -2) [hidden defects]
  5565 | D:6      | Lost mutation: You have hidden genetic defects. [hidden
                  | defects expressed]
  5982 | D:6      | Found a sand-covered staircase.
  5987 | Ossuary  | Entered an ossuary
  6362 | Ossuary  | Lost mutation: You are dopey. (Int -2) [potion of mutation]
  6362 | Ossuary  | Lost mutation: You have a pair of small horns on your head.
                  | [potion of mutation]
  6362 | Ossuary  | Gained mutation: You possess an exceptional clarity of
                  | mind. [potion of mutation]
  6362 | Ossuary  | Gained mutation: Your magical capacity is low. (-10% MP)
                  | [potion of mutation]
  6362 | Ossuary  | Gained mutation: You are clumsy. (Dex -2) [potion of
                  | mutation]
  6362 | Ossuary  | Gained mutation: You are resistant to electric shocks.
                  | (rElec) [potion of mutation]
  6381 | D:6      | You fall into a shaft and drop 1 floor!
  6382 | D:7      | Noticed Menkaure
  6393 | D:7      | Learned a level 4 spell: Hailstorm
  6399 | D:7      | Killed Menkaure
  6413 | D:7      | Reached skill level 1 in Conjurations
  6684 | D:7      | Found a staircase to the Ecumenical Temple.
  6762 | D:7      | Noticed Pikel
  6777 | D:7      | Killed Pikel
  6778 | D:7      | Reached skill level 5 in Spellcasting
  6778 | D:7      | Reached XP level 9. HP: 70/70 MP: 11/15
  6837 | Temple   | Entered the Ecumenical Temple
  6991 | Temple   | Became a worshipper of Sif Muna the Loreminder
  7278 | D:7      | Learned a level 3 spell: Swiftness
  7301 | D:7      | Reached skill level 10 in Ice Magic
  7552 | D:7      | Noticed a troll
  7555 | D:7      | Killed a troll
  8197 | D:7      | Reached skill level 1 in Air Magic
  8682 | D:8      | Found a hazy altar of Hepliaklqana.
  9065 | D:8      | Reached * piety under Sif Muna
  9067 | D:8      | Reached skill level 5 in Dodging
  9457 | D:8      | Noticed a two-headed ogre
  9465 | D:8      | Slain by a two-headed ogre

Illustrated notes

Levels and vault maps discovered:
D:1:      zelgadis_glass_arrival_small, layout_loops_cross,
          hellmonk_ecumenical_altar_crossroads
D:2:      layout_basic
D:3:      layout_basic
D:4:      layout_basic
D:5:      corexii_shantytown, layout_loops_ring, xom_butterflies
D:6:      layout_cave_pools, mainiacjoe_overflow_small_starburst,
          nicolae_ossuary_entry_false_entrances
D:7:      layout_basic, temple_pool_b, grunt_ministairs_8, uniq_menkaure,
          uniq_pikel
D:8:      layout_rooms, mainiacjoe_overflow_boulevard
Temple:   eino_temple_rhombus

Skill      XL: |  1  2  3  4  5  6  7  8  9 |
---------------+----------------------------+-----
Ice Magic      | 5 6 7 8 9 10 | 10.5
Dodging        | 2 3 5 |  5.0
Fighting       | 1 3 4 |  4.1
Spellcasting   | 3 5 6 |  6.1
Conjurations   | 2 4 |  4.2
Air Magic      | 2 |  2.4
Stealth        | |  1.7

Action                   |  1- 3 |  4- 6 |  7- 9 || total
-------------------------+-------+-------+-------++-------
Melee: Unarmed           |    12 |       |       ||    12
       Tailslap          |     2 |    11 |    35 ||    48
       Long sword        |    35 |    12 |       ||    47
       Spear             |       |    42 |    56 ||    98
       Punch             |       |     1 |     6 ||     7
       Trident           |       |       |   156 ||   156
       Headbutt          |       |       |    20 ||    20
 Cast: Freeze            |    42 |     2 |       ||    44
       Frozen Ramparts   |     3 |    13 |    36 ||    52
       Ozocubu's Armour  |       |     3 |     5 ||     8
       Hailstorm         |       |       |    12 ||    12
 Abil: Breathe Acid      |       |       |     2 ||     2
  Use: Scroll            |       |    10 |     4 ||    14
       Potion            |       |     6 |     4 ||    10
 Stab: Sleeping          |     1 |     1 |     6 ||     8
Armor: Skin              |    42 |    30 |    89 ||   161
Dodge: Dodged            |    53 |    45 |   161 ||   259
